[Event "13th Rheinland-Pfalz-Open 2023"]
[Site "Neuwied-Engers"]
[Date "2023.06.09"]
[Round "4.5"]
[White "du Maire, Jerome"]
[Black "Ollenberger, Roland"]
[Result "1-0"]
[Annotator "TA"]
[ECO "D30"]
[WhiteElo "2129"]
[BlackElo "2280"]
[PlyCount "149"]
[EventDate "2023.01.12"]
[EventType "swiss"]
[EventCountry "GER"]
[SourceTitle "playchess.com"]
[Source "ChessBase"]
[SourceQuality "1"]
[TimeControl "40/5400+30:1800+30"]

1. d4 Nf6 2. c4 e6 3. g3 d5 4. Bg2 Bb4+ 5. Nd2 O-O 6. Ngf3 c5 7. cxd5 exd5 8. dxc5 Bxc5 9. O-O Nc6 10. Nb3 Bb6 11. Nbd4 Re8 12. e3 Bg4 {[%emt 0:04:15] D30: Queen's Gambit Declined: Systems without Nc3.} 13. h3 {[%emt 0:04:43] [#]} Bd7 $146 ({Predecessor:} 13... Bh5 14. g4 Bg6 15. b3 Rc8 16. Ba3 Ne4 17. Bb2 f6 18. Rc1 Nc5 19. Nxc6 bxc6 20. Bd4 {1-0 Jovic,A (2385)-Grcic,V (2174) Belgrade-chT Quality 2018 (5.3)}) 14. b3 Ne4 {[%emt 0:03:21] The position is equal.} 15. Bb2 Qf6 16. Rc1 Qh6 17. Nxc6 (17. Kh2 {looks sharper.} Bg4 18. Nxc6 bxc6 19. Qc2) 17... bxc6 18. Ne5 Bxh3 (18... Nxf2 $1 $15 19. Rxf2 (19. Qf3 $2 Rxe5 20. Bxe5 Nxh3+ 21. Bxh3 Bxe3+ 22. Rf2 Bxf2+ 23. Kxf2 Bxh3 $19) 19... Qxe3) 19. Rxc6 $14 Be6 20. Nd3 (20. Bd4 $5 ) 20... Rac8 21. Rxc8 Rxc8 (21... Bxc8 {simplifies} 22. Re1 Qg5 23. Bd4 Bxd4 24. exd4 Bf5) 22. Nf4 Rd8 (22... Nxg3 $1 $11 23. fxg3 Bxe3+ 24. Rf2 Qg5) 23. Bd4 $36 {[%emt 0:01:25][%mdl 2048] Hoping for Bxb6. White is really pushing.} Nf6 24. Bxb6 $1 axb6 25. Qd4 b5 (25... Rc8 $16 {might work better.}) 26. Rc1 $18 Qg5 (26... Nd7 $142 27. a4 (27. Bxd5 Nf8 $18) (27. Nxd5 Qg5 $18) 27... bxa4) 27. Qb6 Re8 28. Qxb5 Qe5 (28... h5 $142 29. Rc5 Bd7) 29. Nxe6 fxe6 30. Qc6 Qb2 31. Qc2 Qa3 32. Bh3 Kf7 33. Rb1 Re7 34. Qb2 Ra7 35. Qxa3 (35. Qe5 $18) 35... Rxa3 {[%emt 0:00:04][%mdl 4096] Endgame KRB-KRN} 36. Rb2 Ne4 37. Rc2 Ke7 38. Bg2 Nf6 39. Kf1 Kd6 40. Ke2 g5 41. Kd3 h5 42. f4 gxf4 43. gxf4 h4 44. Bf3 Nd7 45. Kc3 Ra7 46. Rh2 Nc5 47. Kd4 Ra8 48. e4 (48. Rxh4 Rxa2 49. Kc3 Rf2 $11) 48... dxe4 49. Bxe4 Rb8 50. Bd3 (50. Rxh4 $2 {loses.} Rb4+ 51. Ke3 Rxe4+ 52. Kf3 Re1 $19) 50... Ra8 51. Bc4 Rh8 52. Rh3 Nd7 53. a4 Nf6 (53... e5+ $14 54. fxe5+ Nxe5) 54. Re3 Re8 55. b4 Ng4 56. Rh3 Rh8 57. Be2 Nf6 58. Bf3 Nd7 59. a5 $1 {[%emt 0:00:23] b5 is the strong threat.} e5+ 60. fxe5+ ({Better is} 60. Kc3 $1 $18) 60... Nxe5 $16 61. Be4 Nc6+ $2 (61... Rc8 $16 {is a better chance.} 62. Rc3 (62. Rxh4 Rc4+ 63. Ke3 Rxb4 $14) 62... Rb8) 62. Kc4 $18 Rh5 {[%emt 0:02:24] [#]} 63. a6 (63. Rd3+ $1 $18 {and the rest is easy.} Kc7 64. Rd5 Rxd5 65. Bxd5 Ne5+ 66. Kd4) 63... Na7 $16 {[%emt 0:00:40] [#]} 64. Bf3 {[%emt 0:00:42] White is more active.} (64. Kb3 $142 $1) 64... Rh6 $2 (64... Rf5 $16) 65. b5 $18 {[%emt 0:00:23] Threatens to win with b6.} Kc7 66. Kc5 {[%emt 0:00:28] And now Bd5 would win.} Rb6 67. Be2 ({Weaker is} 67. Rxh4 Rxb5+ 68. Kc4 Kb6 $14) (67. Bc6 $142 Nxb5 68. Bxb5) 67... Rh6 68. Rf3 {[%emt 0:01:08] Rf7+ would kill now.} Rh5+ 69. Kb4 {[%emt 0:00:14] White wants to mate with Rf7+.} Rh7 {[%emt 0:00:18] Repels Rf7+} 70. Bf1 (70. Rf6 $142 Nc8 71. Bg4) 70... Rh5 71. Rf7+ Kb8 72. Rb7+ {[%emt 0:00:06] White mates.} Ka8 73. Bg2 h3 74. Bh1 Rh4+ 75. Ka5 {[%emt 0:03:29] Weighted Error Value: White=0.14 (very precise) /Black=0.24 (precise) .  Loses game:     	---       	Black=2      Missed win:     	White=1     	---        Mistake:       	White=3     	Black=6      Inaccurate:     	White=4     	Black=4      OK:         	White=19    	Black=16     Best:        	White=3     	Black=3      Strong:       	White=1     	---        Brilliant:      	---       	---} 1-0

[Event "13th Rheinland-Pfalz-Open 2023"]
[Site "Neuwied-Engers"]
[Date "2023.06.09"]
[Round "4.6"]
[White "Ronge, Tim"]
[Black "Kotyk, Michael"]
[Result "1/2-1/2"]
[Annotator "TA"]
[ECO "C50"]
[WhiteElo "2266"]
[BlackElo "2089"]
[PlyCount "61"]
[EventDate "2023.01.12"]
[EventType "swiss"]
[EventCountry "GER"]
[SourceTitle "playchess.com"]
[Source "ChessBase"]
[SourceQuality "1"]
[TimeControl "40/5400+30:1800+30"]

1. e4 e5 2. Nf3 Nc6 3. Bc4 Bc5 4. d3 Nf6 5. Nc3 d6 6. Na4 Bg4 {[%emt 0:02:16] C50: Hungarian Defence and Giuoco Pianissimo.} 7. Nxc5 dxc5 8. Be3 Qd6 {[%emt 0:02:47] White is slightly better.} 9. Bb5 (9. h3 $5 Bxf3 10. Qxf3 $14) 9... Nd7 $1 10. h3 {[%emt 0:01:29] [#]} Be6 $146 ({Predecessor:} 10... Bh5 11. g4 Bg6 12. Nh4 O-O-O 13. Qe2 Nd4 14. Bxd4 cxd4 15. Bxd7+ Rxd7 16. O-O-O Qf6 17. Nxg6 hxg6 {0-1 Rodehueser,M-Schlange,S (2264) Bochum-ch 1999 (3)}) 11. Ng5 a6 12. Nxe6 Qxe6 13. Bc4 $36 {[%emt 0:08:47][%mdl 2048] Black is under pressure.} Qg6 14. Qd2 ({White should play} 14. O-O $14) 14... Nd4 (14... Nb6 $5 15. f3 (15. Bxc5 Nxc4 16. dxc4 Rd8 $17) 15... Nxc4 16. dxc4 Rd8 $11) 15. Bxd4 cxd4 (15... Qxg2 $2 16. Ke2 Qg6 17. Be3 $18) 16. O-O b5 17. Bb3 Nc5 (17... O-O $11) 18. f4 $16 Nxb3 19. cxb3 O-O 20. fxe5 Qg3 21. Rf5 Rad8 22. Raf1 Qe3+ 23. R1f2 c5 {[%emt 0:04:33] [#]} (23... Qxd2 $16 24. Rxd2 c5) 24. Qc2 (24. Qa5 $1 $18 {and the rest is easy.}) 24... Rc8 25. Kh2 c4 26. bxc4 $18 (26. dxc4 $6 d3 27. Qd2 Qxe4 $16) 26... bxc4 27. e6 (27. dxc4 $16 {aiming for b3.} d3 28. Qc3) 27... fxe6 $14 {[%emt 0:06:22] [#]} 28. Qxc4 Rfe8 $11 {[%emt 0:04:14] The position is equal.} (28... Qxf2 $2 29. Qxe6+ (29. Qxa6 {leads to mate.} exf5 30. Qe6+ Kh8 31. Qe5 f4) 29... Kh8 30. Rxf2 $18) 29. Qb3 {[%emt 0:03:23] And now R2f3 would win.} (29. Qxa6 $2 {loses.} exf5 30. Rxf5 Qd2 $19) 29... Rb8 $1 30. Qc4 {[%emt 0:01:01] Black must now prevent R5f4.} Rbc8 31. Qb3 {[%emt 0:00:06] Weighted Error Value: White=0.23 (precise) /Black=0.16 (very precise)} (31. Qxa6 $2 {too greedy.} exf5 32. Rxf5 Rc1 $19) 1/2-1/2

[Event "13th Rheinland-Pfalz-Open 2023"]
[Site "Neuwied-Engers"]
[Date "2023.06.09"]
[Round "4.7"]
[White "Wiley, Tom E"]
[Black "Morlo, Michael"]
[Result "1/2-1/2"]
[Annotator "TA"]
[ECO "D22"]
[WhiteElo "2126"]
[BlackElo "2262"]
[PlyCount "108"]
[EventDate "2023.01.12"]
[EventType "swiss"]
[EventCountry "GER"]
[SourceTitle "playchess.com"]
[Source "ChessBase"]
[SourceQuality "1"]
[TimeControl "40/5400+30:1800+30"]

1. d4 d5 2. c4 dxc4 3. e3 a6 4. Nf3 Bg4 5. Bxc4 e6 6. h3 Bh5 7. Nc3 Nc6 8. Be2 Nf6 9. O-O Bd6 10. b3 O-O 11. Bb2 Qe8 12. Nd2 {[%emt 0:09:23] D22: Queen's Gambit Accepted: 3 Nf3 a6 4 e3.} Bxe2 13. Qxe2 e5 14. d5 {[%emt 0:10:42] White is slightly better.} Ne7 {[%emt 0:00:22] [#]} 15. Nc4 $146 ({Predecessor:} 15. Nde4 Nxe4 16. Nxe4 Qb5 17. Qc4 Qd7 18. Rfd1 Ng6 19. Nc5 Bxc5 20. Qxc5 Rfd8 21. Rac1 {½-½ Laketic,G (2398)-Ratkovic,M (2359) SRB-chT Palic 2014 (5.2)}) 15... b5 16. Nxd6 cxd6 17. e4 Ng6 18. g3 Qd7 19. Kh2 Rac8 20. Rac1 Qe7 (20... h5 {seems wilder.} 21. Ba3 h4 22. Qd3 Nh7) 21. Nb1 Qa7 22. f3 Nd7 23. Rxc8 Rxc8 24. Rc1 Rxc1 25. Bxc1 Qc7 26. Be3 Ne7 (26... f5 $11) 27. Qd2 Kf8 28. Qc3 Qb7 29. Nd2 Ke8 30. Kg2 g6 (30... f5 $14) 31. Kf2 {[%emt 0:04:31] Black is weak on the dark squares} (31. Qb4 $16) 31... Kd8 (31... f5 $14) 32. Qa5+ Kc8 (32... Ke8 $142) 33. Qc3+ ({Don't take} 33. Bg5 f6 $16) (33. a4 $16) 33... Kb8 (33... Kd8 $1 $11) 34. Ke2 h5 35. Kd3 Nb6 36. Ke2 (36. Qb4 $16 Nec8 37. a4) 36... Nbc8 (36... Nd7 $1 $11 {remains equal.}) 37. Bg5 ({White should play} 37. Qa5) 37... Qd7 38. g4 Na7 (38... hxg4 $14 39. hxg4 f5) 39. b4 (39. f4 $16) 39... Nec8 (39... hxg4 $14 40. hxg4 Nec8) 40. Nb3 (40. Qe3 $16) 40... hxg4 $1 $11 41. hxg4 {[%emt 0:30:31][%cal Ob3c5] The position is equal.} (41. fxg4 $5 f5 42. Nc5 $14) 41... f5 42. gxf5 gxf5 43. Be3 $1 fxe4 (43... f4 {simplifies} 44. Bf2 Qc7 45. Qxc7+ Kxc7 46. Ke1 Nb6) 44. fxe4 Qg4+ (44... Qh7 {simplifies} 45. Qc2 Qh2+ 46. Kd3 Qxc2+ 47. Kxc2 Kb7) 45. Kd3 Qg2 ({Don't do} 45... Qd1+ 46. Nd2 $14) 46. Nd2 {[%emt 0:00:00] Active counter play!} Kb7 (46... Qh3 {simplifies} 47. Kc2 Kb7 48. Bf2 Qxc3+ 49. Kxc3 Nb6) 47. Qc2 Nb6 48. Bxb6 Kxb6 {[%emt 0:00:00][%mdl 4096] Endgame KQN-KQN} 49. Qc3 Kb7 50. Kc2 Qf2 51. Kb1 Nc8 52. Nb3 Qg1+ 53. Kb2 Nb6 {[%emt 0:00:00] [#] Strongly threatening ...Na4+.} 54. Qc6+ Ka7 {[%emt 0:00:00] Weighted Error Value: White=0.23 (precise) /Black=0.24 (precise)} 1/2-1/2

[Event "13th Rheinland-Pfalz-Open 2023"]
[Site "Neuwied-Engers"]
[Date "2023.06.09"]
[Round "4.8"]
[White "Polster, Christian"]
[Black "Kanli, Kaan"]
[Result "1-0"]
[Annotator "TA"]
[ECO "C27"]
[WhiteElo "2250"]
[BlackElo "2000"]
[PlyCount "34"]
[EventDate "2023.01.12"]
[EventType "swiss"]
[EventCountry "GER"]
[SourceTitle "playchess.com"]
[Source "ChessBase"]
[SourceQuality "1"]
[TimeControl "40/5400+30:1800+30"]

1. e4 e5 2. Nc3 Nf6 3. Bc4 Nxe4 4. Qh5 Nd6 5. Bb3 Nc6 {[%emt 0:01:17] [#]} (5... Be7 $1 $11) 6. Nb5 $1 $16 {[%emt 0:00:26][%mdl 64] Intending Nxd6+ and mate. Deflection. C27: Vienna Game: 2...Nf6 3 Bc4 Nxe4.} g6 (6... Nxb5 $2 7. Qxf7#) 7. Qf3 {[%emt 0:01:41] Hoping for Nxd6+. White has more active pieces. The black rooks are badly placed.} Nf5 {[%emt 0:04:55] White must now prevent ...h5.} (7... Nxb5 $2 8. Qxf7#) 8. g4 e4 $2 9. Qxe4+ $18 Nfe7 (9... Qe7 {was worth a try.} 10. d3 Nd6 {[%mdl 64] Pin} 11. Nxc7+ Kd8 12. Qxe7+ (12. Nxa8 $2 {loses.} Nxe4 13. Be3 Nf6 $19) 12... Bxe7) 10. Qf4 $1 d5 11. Nxc7+ {[%emt 0:00:23] [#] Black did not feel at home in the position after the opening.   Weighted Error Value: White=0.00 (flawless) /Black=0.96.  Loses game:     	---       	Black=1      Missed win:     	---       	---        Mistake:       	---       	Black=1      Inaccurate:     	---       	---        OK:         	White=1     	Black=1      Best:        	White=3     	Black=1      Strong:       	---       	---        Brilliant:      	---       	---} {Predecessor:} Kd7 $146 12. Nxa8 b6 13. Nf3 Bb7 14. Ba4 Bg7 15. Qxf7 Rf8 16. Qxg7 Rxf3 17. d4 b5 {1-0 Cenni,G-Piltz,K Amateur Olympiad Preliminaries-2 1924 (4)} 1-0

[Event "13th Rheinland-Pfalz-Open 2023"]
[Site "Neuwied-Engers"]
[Date "2023.06.09"]
[Round "4.9"]
[White "Perske, Paul"]
[Black "Karsay, Pascal"]
[Result "1/2-1/2"]
[Annotator "TA"]
[ECO "C77"]
[WhiteElo "2092"]
[BlackElo "2338"]
[PlyCount "159"]
[EventDate "2023.01.12"]
[EventType "swiss"]
[EventCountry "GER"]
[SourceTitle "playchess.com"]
[Source "ChessBase"]
[SourceQuality "1"]
[TimeControl "40/5400+30:1800+30"]

1. e4 e5 2. Nf3 Nc6 3. Bb5 a6 4. Ba4 Nf6 5. O-O Be7 6. d3 b5 7. Bb3 d6 8. a3 O-O 9. Nc3 Kh8 {[%emt 0:05:04] 9...Rb8 is the recent fashion. C77: Ruy Lopez: 3...a6 4 Ba4 Nf6, unusual lines.} 10. h3 Be6 11. Nd5 Na5 {[%emt 0:00:34] Hoping for ...Nxb3.} 12. Ba2 {[%emt 0:00:27] [#]} c5 $146 ({Predecessor:} 12... Nxd5 13. Bxd5 Bxd5 14. exd5 f5 15. b4 Nb7 16. a4 Qd7 17. c4 bxc4 18. dxc4 a5 {1-0 Donchenko,A (2659)-Buhmann,R (2580) Hobbits Invitational blitz 2021 (3.11)}) 13. Nxf6 Bxf6 14. Be3 c4 15. d4 exd4 16. Nxd4 Re8 17. c3 (17. Qh5 {feels hotter.} Kg8 18. c3 Bd7 19. Bb1) 17... Bd7 18. Bb1 Nb7 19. Nf5 Bc6 {[%emt 0:02:55] Dodges Qd5} 20. Re1 Qd7 21. Qg4 (21. Bd4 $5 ) 21... g6 22. Nh6 Qxg4 23. hxg4 Re7 24. Bc2 Rae8 25. Rad1 Bg7 26. f3 Bd7 (26... d5 $11 {was preferrable.}) 27. Kf2 $16 Be6 28. g5 f6 29. g4 {[%emt 0:04:12][%cal Bg2g4,Bg4g5][%mdl 32] White is more active.} Rf8 30. gxf6 Bxf6 31. g5 Be5 32. Bd4 (32. Rh1 {with more complications.} Bc8 33. Rh4 Nc5 34. f4) 32... Ree8 33. Rf1 Rf4 (33... Nc5 $14 {is superior.}) 34. Be3 $1 Ref8 35. Bxf4 Bxf4 36. Rg1 Nc5 ({Black should try} 36... Nd8) 37. Ng4 $1 Nd7 38. Ke2 Ne5 (38... Bxg4 $16 39. Rxg4 Ne5) 39. Nxe5 $18 ({Inferior is} 39. Rxd6 Nxf3 40. Kxf3 (40. Rxe6 Nxg1+ 41. Kf1 Nf3 $17) 40... Bxd6+ 41. Ke2 Rf4 $17) 39... Bxe5 40. Ra1 a5 41. Rad1 Rb8 42. Ke3 {[%emt 0:00:33] Wards off Bf4+} Rf8 43. Ke2 (43. Rh1 $16) 43... Bf4 (43... Rb8 $1 $11) 44. Rd4 Rc8 (44... Kg7 $16 {was necessary.}) 45. Rgd1 {[%emt 0:01:38] And now Rxd6 would win.} Rc6 (45... Rd8 $16 46. Rh1 Rb8) 46. Kf2 ({White must play} 46. e5 $1 $18 Bxe5 47. Rh4) 46... Kg7 $16 {[%emt 0:02:33] [#]} 47. Ke2 (47. e5 $1 $16 dxe5 48. Rd6 Rxd6 49. Rxd6) 47... Kf8 $2 {[%emt 0:00:33][%mdl 8192] [#]} (47... Kh8 $11) 48. e5 $1 $18 {[%emt 0:03:42][%mdl 64] Discovered Attack} Bxe5 49. Re4 ({Only move:} 49. Rh4 $18) 49... Bf5 $11 {[%emt 0:17:13] [#]} 50. Rxe5 $1 {[%emt 0:00:15][%mdl 64] Discovered Attack} dxe5 51. Bxf5 gxf5 {[%emt 0:00:04][%mdl 4096] Endgame KR-KR. The position is equal.} 52. Rd5 Re6 53. Rxb5 Kg7 54. Rxa5 Kg6 55. Ra7 Rb6 56. f4 Rxb2+ 57. Ke3 exf4+ 58. Kxf4 Rf2+ 59. Ke3 Rh2 60. Rc7 Kxg5 61. Rxc4 h5 62. Kf3 h4 63. Rc8 Rh3+ 64. Kg2 Rg3+ 65. Kf2 Rg4 66. c4 Rd4 67. a4 Kf4 68. Kg2 Rd2+ 69. Kh3 Ra2 70. Ra8 Ke3 71. Kxh4 f4 {[%emt 0:00:10] ...f3 is the strong threat.} 72. Kh3 f3 73. Re8+ Kf2 {[%emt 0:00:12][%cal Of2f1] aiming for ...Kf1!} 74. Rb8 Ke1 {[%emt 0:00:52][%cal Oa2a1] ...Ra1! would be deadly.} 75. Rb1+ Ke2 76. Kg3 f2 77. Kg2 f1=Q+ 78. Rxf1 {[%emt 0:00:06] White threatens Rf2+ and mate.} Kd3+ 79. Kf3 Kxc4 80. Ke4 {[%emt 0:04:33] Black defended with fortune.   Weighted Error Value: White=0.22 (precise) /Black=0.28 (precise)} 1/2-1/2

[Event "13th Rheinland-Pfalz-Open 2023"]
[Site "Neuwied-Engers"]
[Date "2023.06.09"]
[Round "4.10"]
[White "Louis, Volker"]
[Black "Boidman, Yuri"]
[Result "1/2-1/2"]
[Annotator "TA"]
[ECO "D52"]
[WhiteElo "2057"]
[BlackElo "2304"]
[PlyCount "115"]
[EventDate "2023.01.12"]
[EventType "swiss"]
[EventCountry "GER"]
[SourceTitle "playchess.com"]
[Source "ChessBase"]
[SourceQuality "1"]
[TimeControl "40/5400+30:1800+30"]

1. d4 d5 2. c4 c6 3. Nc3 Nf6 4. Nf3 e6 5. Bg5 Nbd7 6. e3 Qa5 7. cxd5 Nxd5 8. Qd2 N7b6 9. Nxd5 {[%emt 0:07:43] D52: Queen's Gambit Declined: Cambridge Springs Variation.} Qxd2+ 10. Nxd2 exd5 11. Bd3 Bd6 12. f3 h6 13. Bh4 O-O {[%emt 0:00:22] [#]} 14. e4 $146 ({Predecessor:} 14. O-O c5 15. dxc5 Bxc5 16. Bf2 Re8 17. Rfe1 Bd7 18. Nb3 Bb4 19. Re2 Nc4 20. a3 {½-½ Stock,H (1700)-Bitzer,D (1833) Wch Seniors 08th 1998 (9)}) 14... Bf4 15. Bf2 Be6 16. g3 dxe4 17. Nxe4 Bc7 18. O-O Rad8 19. Nc5 Bc8 20. b4 Nd5 21. a3 Rfe8 22. Rfe1 Rxe1+ 23. Rxe1 Kf8 24. Rc1 a6 25. Rb1 Bb6 26. Re1 Nc7 27. Ra1 Ne6 28. Bf5 $1 Nxc5 {[%emt 0:09:42][%mdl 64] [#] Discovered Attack} (28... Nxd4 $2 29. Bxc8 Bxc5 30. bxc5 $18) 29. bxc5 (29. dxc5 $5 Bxf5 30. cxb6 $11) 29... Bxf5 30. cxb6 $11 {[%emt 0:00:05][%mdl 4096] Endgame KRB-KRB} Rd5 31. a4 Bc2 32. Be3 Ra5 33. Rc1 {[%emt 0:00:32] The position is equal.} Bb3 ({But not} 33... Bxa4 34. Ra1 $16) 34. Rxc6 {[%emt 0:01:27][%mdl 64] [#] Promotion} Bd5 (34... bxc6 $2 35. b7 Rd5 36. b8=Q+ $18 (36. b8=B $2 {too greedy.} Ke8 $19)) 35. Rc5 Rxc5 36. dxc5 Bxf3 {[%emt 0:00:12] KB-KB} 37. Kf2 Bc6 38. a5 Ke7 39. Bf4 Ke6 40. Bd6 g6 41. Ke3 Kd5 42. Bf8 Kc4 (42... h5 $5 ) 43. Bxh6 Kb5 44. Kd4 Kxa5 45. Bd2+ Kb5 46. h4 Bd7 47. Be3 a5 48. Bc1 a4 49. Ba3 Bc6 50. g4 {[%emt 0:00:00] aiming for h5.} Bf3 51. g5 Kc6 52. Bb4 Kd7 53. Ke5 Kc6 54. Kd4 Bg2 55. Ba3 Kb5 56. Kc3 Bf3 57. Kd4 Bg2 58. Kc3 {[%emt 0:00:00] A balanced but interesting game.   Weighted Error Value: White=0.05 (flawless) /Black=0.04 (flawless)} 1/2-1/2

[Event "13th Rheinland-Pfalz-Open 2023"]
[Site "Neuwied-Engers"]
[Date "2023.06.10"]
[Round "5.1"]
[White "Boehme, Sebastian"]
[Black "Winterberg, Lukas"]
[Result "0-1"]
[Annotator "TA"]
[ECO "C11"]
[WhiteElo "2163"]
[BlackElo "2405"]
[PlyCount "64"]
[EventDate "2023.01.12"]
[EventType "swiss"]
[EventCountry "GER"]
[SourceTitle "playchess.com"]
[Source "ChessBase"]
[SourceQuality "1"]
[TimeControl "40/5400+30:1800+30"]

1. e4 e6 2. d4 d5 3. Nc3 Nf6 4. e5 Nfd7 5. f4 c5 6. Nf3 Nc6 7. Be3 a6 8. Ne2 {[%emt 0:00:22] C11: French: Classical System: 4 e5 and 4 Bg5 dxe4.} Be7 9. dxc5 (9. c3 $142) 9... O-O 10. Ned4 {[%emt 0:01:25] The position is equal.} Nxc5 {[%emt 0:00:37] [#]} 11. Bd3 $146 ({Predecessor:} 11. Nxc6 bxc6 12. Nd4 Bb7 13. Bd3 Nxd3+ 14. Qxd3 c5 15. Nf3 a5 16. O-O-O c4 17. Qe2 {1-0 Eggers Gutierrez,H-Espinoza Catalan,D Santiago Endesa Universities 1st 2008 (4)}) 11... Nxd4 12. Bxd4 Qc7 13. O-O b5 14. Ng5 h6 {[%emt 0:20:14] Hoping for ...Nxd3.} 15. Nh7 {[%emt 0:16:40] [#]} (15. Bh7+ $11 Kh8 16. Rf3) 15... Nxd3 $1 $17 16. Qxd3 (16. Nxf8 $2 Nc5 17. Nxe6 (17. b4 $2 Ne4 $19) 17... Nxe6 $17) 16... Rd8 {[%emt 0:00:15] ...Qc4 would be deadly.} 17. b3 {[%emt 0:01:41] [#] Prevents Qc4} (17. c3 $1 $15) 17... b4 (17... Bc5 $1 $19 {[%cal Rc5d4] White must now prevent ...Bxd4+.} 18. c3 b4 19. Nf6+ gxf6 20. exf6 Bxd4+ 21. cxd4 Qc3 22. Qxc3 bxc3) 18. Nf6+ gxf6 19. exf6 ({Avoid the trap} 19. Qg3+ $2 Kh8 20. exf6 Bf8 $19) 19... Bd6 ({Black should try} 19... Bf8 $17 20. c3 a5 21. Qg3+ Kh8) 20. Qe3 $2 {[%emt 0:14:58][%mdl 8192] White does not recover from this.} (20. Qg3+ $14 {is the one way to stay ahead.} Kf8 21. Rac1) 20... Qxc2 $19 21. Rf3 Kh7 22. Rh3 {[%emt 0:04:54][%cal Oh3h6] Rxh6+! would kill now.} Qf5 23. Be5 {[%emt 0:04:17] [#]} d4 $1 24. Qg3 (24. Qxd4 Bxe5) 24... Bf8 {[%emt 0:05:44] Dodges Qg7+} 25. Qf3 {[%emt 0:02:12] Prevents Bb7} Ra7 {[%emt 0:00:38] Strongly threatening ...d3.} 26. g4 Qc2 {[%emt 0:00:40] aiming for ...d3.} 27. Qf1 d3 {[%emt 0:01:05] ( -> ...Bc5+)} 28. Bd6 Bxd6 29. Rxh6+ Kg8 $1 ({Much less strong is} 29... Kxh6 30. Qh3+ Kg6 31. Qh5+ Kxf6 32. Qg5#) 30. Qh3 Bc5+ {[%emt 0:00:10] Black mates.} 31. Kh1 Bb7+ 32. Qg2 Bxg2# {[%emt 0:01:32] Weighted Error Value: White=1.15/Black=0.15 (very precise) .  Loses game:     	White=1     	---        Missed win:     	---       	---        Mistake:       	White=3     	Black=2      Inaccurate:     	White=2     	Black=2      OK:         	White=2     	Black=7      Best:        	White=1     	Black=3      Strong:       	---       	Black=1      Brilliant:      	---       	---} 0-1

[Event "13th Rheinland-Pfalz-Open 2023"]
[Site "Neuwied-Engers"]
[Date "2023.06.10"]
[Round "5.2"]
[White "du Maire, Jerome"]
[Black "Polster, Christian"]
[Result "1/2-1/2"]
[Annotator "TA"]
[ECO "E04"]
[WhiteElo "2129"]
[BlackElo "2250"]
[PlyCount "152"]
[EventDate "2023.01.12"]
[EventType "swiss"]
[EventCountry "GER"]
[SourceTitle "playchess.com"]
[Source "ChessBase"]
[SourceQuality "1"]
[TimeControl "40/5400+30:1800+30"]

1. d4 Nf6 2. c4 e6 3. g3 d5 4. Bg2 dxc4 5. Nf3 Nc6 6. Qa4 Nd7 {[%emt 0:00:29] E04: Open Catalan: 5 Nf3.} 7. Qxc4 Nb6 8. Qd3 Nb4 {[%emt 0:12:15] White is slightly better.} 9. Qd1 e5 10. a3 (10. Nxe5 Qxd4 11. Qxd4 Nc2+ 12. Kf1 Nxd4 $11) 10... Nc6 {[%emt 0:03:36][%cal Re5d4] [#]} 11. Nxe5 $146 ({But not} 11. dxe5 Qxd1+ 12. Kxd1 Be6 $11) ({Predecessor:} 11. d5 Nxd5 12. Nxe5 Nxe5 13. Qxd5 Qxd5 14. Bxd5 c6 15. Ba2 Bc5 16. Bd2 Bh3 17. Bc3 {0-1 Luciani,V (2175)-Lagumina,G (2260) Porto San Giorgio op 7th 1995}) 11... Nxd4 12. e3 Ne6 13. Qxd8+ Nxd8 14. Nd2 Be6 15. b3 a5 16. Bb2 f6 17. Nd3 a4 18. b4 Nc4 19. Bd4 c6 20. Ke2 Bg4+ 21. f3 Nxd2 22. Kxd2 Bc8 23. e4 Ne6 24. Bb6 Be7 25. Rac1 Ra6 26. Be3 Nc7 27. Nb2 Be6 28. Bf1 Nb5 29. Bxb5 ({Reject} 29. Bc4 Bxc4 30. Nxc4 Nxa3 31. Nxa3 Bxb4+ 32. Rc3 O-O $11) 29... cxb5 30. Rc7 Rd6+ 31. Ke2 Rd7 32. Rxd7 Bxd7 33. Rc1 Bc6 34. Nd3 Bd6 35. Bf4 Be7 36. Be3 Bd6 37. Bc5 Bc7 38. Ke3 Kf7 39. Re1 h5 40. f4 Re8 {[%emt 0:00:34][%cal Ob7b6] [#] White must now prevent ...b6!} 41. e5 fxe5 42. Nxe5+ Bxe5 43. fxe5 Rxe5+ $15 {[%emt 0:00:00][%mdl 4096] Endgame KRB-KRB} 44. Kf2 Rd5 45. h4 Rf5+ 46. Kg1 (46. Ke2 $1 $15) 46... Kg6 ({Black should try} 46... Rf3 $19 47. Rf1 Ke6 48. Rxf3 Bxf3) 47. Re6+ Kf7 $2 (47... Kh7 $15) 48. Re1 $1 $19 Kg8 (48... Rf3 $19 49. Rf1 Ke6 50. Rxf3 Bxf3) 49. Re3 Kh7 50. Bb6 Bd5 51. Bc7 Bc4 52. Bf4 Rd5 53. Rc3 Kg6 54. Kf2 Rd1 55. Kf3 Kf5 56. Bc1 ({White should play} 56. Ke3) 56... g6 $17 57. Bg5 Rf1+ 58. Ke3 Kg4 (58... Re1+ $142 59. Kd4 b6 60. Rf3+ Kg4) 59. Kd4 Rf5 60. Bh6 Be2 61. Bg7 g5 62. hxg5 Rxg5 63. Be5 {[%emt 0:00:36] [#]} Rxe5 64. Kxe5 {[%emt 0:00:04] And now Ke4 would win. KR-KB. The position is equal.} Bf3 65. Kd6 Kxg3 66. Kc5 h4 67. Kxb5 h3 68. Kxa4 h2 69. Rc1 Kf2 70. Kb5 Bg2 {[%emt 0:01:13] ( -> ...Bf1+)} 71. Kb6 Bf1 72. Rc2+ Be2 73. Rc1 $1 {[%emt 0:00:33][%cal Oc1h1] Hoping for Rh1!} Bf1 74. Rc2+ Be2 75. Rc1 $1 {[%emt 0:00:05][%cal Oc1h1] Rh1! would be deadly.} Bf1 76. Rc2+ Be2 {[%emt 0:00:41] Weighted Error Value: White=0.09 (flawless) /Black=0.15 (very precise) .  Loses game:     	---       	---        Missed win:     	---       	---        Mistake:       	White=2     	Black=5      Inaccurate:     	White=4     	Black=1      OK:         	White=22    	Black=27     Best:        	White=6     	Black=5      Strong:       	White=3     	---        Brilliant:      	---       	---} 1/2-1/2